 Dungeon Crawl Stone Soup version 0.28.0-49-g6dfe1f597d (webtiles) character file.

Game seed: 11908241330779634941

7368 pkoi the Frost Mage (level 10, -1/76 (77) HPs)
             Began as a Demigod Ice Elementalist on May 13, 2022.
             Slain by a meliai
             ... wielding a +0 hand axe
              (2 damage)
             ... on level 10 of the Dungeon.
             The game lasted 00:28:09 (13891 turns).

pkoi the Frost Mage (Demigod Ice Elementalist)     Turns: 13891, Time: 00:28:09

HP:   -1/76 (77)    AC: 15    Str:  9    XL:     10   Next: 61%
MP:   19/22         EV: 13    Int: 35    God:
Gold: 508           SH:  0    Dex: 14    Spells: 5/20 levels left

rFire   + . .      SeeInvis .   a - +2 dagger (venom)
rCold   + . .      Faith    .   (no shield)
rNeg    . . .      Spirit   .   H - +2 robe {rC+ rF+}
rPois   .          Reflect  .   (no helmet)
rElec   .          Harm     .   y - +0 cloak
rCorr   +          Rampage  .   (no gloves)
Will    +....                   (no boots)
Stlth   ++........              z - amulet of the acrobat
HPRegen 0.22/turn               k - +6 ring of intelligence
MPRegen 0.18/turn               l - ring of resist corrosion

@: ice-armoured, lightly drained
A: high MP 1, forlorn, divine attributes
a: no special abilities


You were on level 10 of the Dungeon.
You visited 1 branch of the dungeon, and saw 10 of its levels.
You also visited: Sewer and Bailey.

You collected 508 gold pieces.

Inventory:

Hand Weapons
 a - a +2 dagger of venom (weapon)
 f - a +1 hunting sling
 h - a +0 dagger of flaming
Missiles
 g - 336 stones
 i - 5 curare-tipped darts
 j - 104 sling bullets
 s - 8 silver javelins
 G - 2 boomerangs of dispersal
Armour
 e - a +1 robe of positive energy
 y - a +0 cloak (worn)
 H - a +2 robe of resistance (worn)
Magical Staves
 m - a staff of conjuration
Jewellery
 k - a +6 ring of intelligence (left hand)
 l - a ring of resist corrosion (right hand)
 z - an amulet of the acrobat (around neck)
Wands
 d - a wand of flame (8)
 w - a wand of digging (6)
 D - a wand of paralysis (9)
 E - a wand of mindburst (10)
Scrolls
 c - a scroll of holy word
 o - a scroll of enchant armour
 r - a scroll of identify
 v - a scroll of fog
 x - 2 scrolls of silence
 C - 2 scrolls of teleportation
Potions
 b - 2 potions of heal wounds
 p - 2 potions of haste
 q - 2 potions of ambrosia
 u - 5 potions of curing
 B - a potion of flight


   Skills:
 - Level 3.0 Fighting
 - Level 2.0 Armour
 - Level 3.0 Dodging
 - Level 3.0 Stealth
 + Level 3.9 Unarmed Combat
 + Level 5.5 Spellcasting
 + Level 6.5 Conjurations
 + Level 4.0 Summonings
 + Level 8.9 Ice Magic
 + Level 3.8 Air Magic
 + Level 3.8 Evocations


You had 5 spell levels left.
You knew the following spells:

 Your Spells              Type           Power      Damage    Failure   Level
a - Freeze                Ice            100%       1d11      1%          1
b - Frozen Ramparts       Ice            100%       1d12      1%          3
c - Ozocubu's Armour      Ice            64%        N/A       1%          3
d - Hailstorm             Conj/Ice       59%        3d13      1%          4
e - Summon Lightning Spi  Summ/Air       37%        N/A       8%          4

Your spell library contained the following spells:

 Spells                   Type           Power      Damage    Failure   Level
 Mephitic Cloud           Conj/Pois/Air  34%        N/A       2%          3
 Dazzling Flash           Conj/Hex       64%        N/A       3%          3
 Freezing Cloud           Conj/Ice/Air   26%        6-21      8%          5
 Iskenderun's Mystic Bla  Conj/Tloc      32%        2d8       10%         4
 Ignite Poison            Fire/Tmut/Pois 9%         N/A       12%         3
 Leda's Liquefaction      Hex/Erth       4%         N/A       36%         4
 Lee's Rapid Deconstruct  Erth           4%         3d6*      73%         5
 Starburst                Conj/Fire      16%        6d6       83%         6
 Statue Form              Tmut/Erth      6%         N/A       99%         6
 Storm Form               Tmut/Air       11%        N/A       100%        7
 Maxwell's Capacitive Co  Air            18%        ∞         100%        8


Dungeon Overview and Level Annotations

Branches:
Dungeon (10/15)            Temple (0/1) D:6           Sewer (visited)
 Bailey (visited)
   Lair: D:8-11         Orc: D:9-12

Shops:
D:6 ?

Annotations:
D:4 2 transporters
D:10 Erolcha


Innate Abilities, Weirdness & Mutations

You have an increased reservoir of magic. (+10% MP)
You shall have no god before yourself.
Your divine heritage dramatically boosts your attributes as you level up.


Message History

You blow up the meliai!
You feel very sick.
A meliai comes into view. It is wielding a +0 hand axe.
Unknown command.
Unknown command.
You feel very sick.
The meliai mumbles some strange prayers to its god against you.
Something smites you!
* * * LOW HITPOINT WARNING * * *
* * * LOW HITPOINT WARNING * * *
You feel very sick.
You feel better. The meliai closely misses you. The meliai barely misses you.
Press: ? - help, v - describe, . - travel
Here: a meliai, wielding a +0 hand axe and wearing a +0 chain mail The floor.
Unknown command.
Unknown command.
The meliai hits you but does no damage. The meliai completely misses you.
The meliai misses you. The meliai completely misses you.
The meliai completely misses you. The meliai closely misses you.
The meliai completely misses you. The meliai misses you. The meliai misses you.
The meliai completely misses you. x3
The meliai closely misses you. The meliai completely misses you.
The meliai misses you. x2; The meliai completely misses you.
The meliai misses you.
Things that are here:
a +0 club; a kobold skeleton The meliai barely misses you.
The meliai closely misses you. The meliai barely misses you.
The meliai completely misses you.
You see here a +0 dagger.
The meliai hits you with a +0 hand axe!
* * * LOW HITPOINT WARNING * * *
The meliai barely misses you. The meliai misses you.
The meliai barely misses you.
Casting: Frozen Ramparts (safe; 1% risk of failure)
Confirm with . or Enter, or press ? or * to list all spells.
A film of ice covers your body! The meliai hits you with a +0 hand axe!
* * * LOW HITPOINT WARNING * * *
The meliai stings you.
You die...

...#...........#..##........
...##..........#............
.....................#......
..#.................####....
....................# #...
....................####
.#.........).#......#.#
#..........yy##.....#.#
.#.#.......#@##.......## #.
#.#.................<.#
....###..........................
.................#.#.............
...#....................######..
........................# #
#.................#..##
#................#...#
##..........##...#...#


You could see 2 meliai.

Vanquished Creatures
  A two-headed ogre (D:9)
  Psyche (D:10)
  A meliai (D:10)
  2 hornets
  Prince Ribbit (D:8)
  A wyvern (D:10)
  10 yaks
  A steam dragon (D:10)
  Menkaure (D:6)
  Edmund (D:6)
  2 acid dragons
  A water moccasin (D:8)
  A sky beast (D:8)
  A black bear (D:5)
  A necrophage (D:7)
  4 ogres (D:5)
  10 orc warriors
  A centaur (D:8)
  A phantom (D:6)
  6 bullfrogs
  A gnoll sergeant (D:7)
  3 kobold brigands
  A scorpion (D:7)
  2 water moccasin zombies
  A water moccasin skeleton (D:5)
  2 centaur zombies
  6 orc priests
  A jelly (D:5)
  3 iguanas
  A scorpion zombie (D:5)
  8 orc wizards
  A killer bee zombie (D:7)
  8 adders
  A shadow imp (D:6)
  An ufetubus (D:5)
  2 adder skeletons (D:4)
  2 worms
  4 dart slugs
  20 orcs
  14 ball pythons
  9 bats
  4 endoplasms
  9 giant cockroaches
  9 goblins
  5 hobgoblins
  5 jackals
  A quokka (Sewer)
  22 frilled lizards
  23 kobolds
  12 rats
229 creatures vanquished.

Notes
Turn   | Place    | Note
-------+----------+-------------------------------------------
     0 | D:1      | pkoi the Demigod Ice Elementalist began the quest for the
                  | Orb.
     0 | D:1      | Reached XP level 1. HP: 14/14 MP: 5/5
   745 | D:1      | Reached XP level 2. HP: 20/20 MP: 5/7
   841 | D:1      | Reached skill level 4 in Ice Magic
  1791 | D:2      | Reached XP level 3. HP: 26/26 MP: 9/9
  1834 | D:2      | Learned a level 3 spell: Frozen Ramparts
  2813 | D:3      | Reached XP level 4. HP: 31/33 MP: 3/10
  3024 | D:3      | Learned a level 3 spell: Ozocubu's Armour
  3060 | D:3      | Reached skill level 5 in Ice Magic
  3627 | D:3      | Reached XP level 5. HP: 38/38 MP: 12/12
  3922 | D:4      | Found a transporter.
  3933 | D:4      | Found a glowing drain.
  3964 | Sewer    | Entered a sewer
  4788 | D:4      | Found a transporter.
  5198 | D:4      | Reached XP level 6. HP: 44/46 MP: 7/13
  5305 | D:5      | Entered Level 5 of the Dungeon
  5377 | D:5      | Reached skill level 1 in Fighting
  5377 | D:5      | Reached skill level 1 in Armour
  5950 | D:5      | Reached skill level 1 in Conjurations
  5952 | D:5      | Reached skill level 6 in Ice Magic
  5952 | D:5      | Reached XP level 7. HP: 53/53 MP: 3/14
  6030 | D:5      | Learned a level 4 spell: Hailstorm
  6914 | D:6      | Noticed Edmund
  7090 | D:6      | Killed Edmund
  7091 | D:6      | Reached XP level 8. HP: 60/63 MP: 1/16
  7441 | D:6      | Noticed Menkaure
  7446 | D:6      | Killed Menkaure
  7585 | D:6      | Reached skill level 7 in Ice Magic
  7807 | D:6      | Found a staircase to the Ecumenical Temple.
  8023 | D:6      | Found Beiromm's Magic Scroll Shoppe.
  8466 | D:7      | Reached skill level 1 in Evocations
  8744 | D:7      | Noticed a manticore
  9175 | D:8      | Reached XP level 9. HP: 66/69 MP: 8/18
  9261 | D:8      | Found a flagged portal.
  9283 | Bailey   | Entered a bailey
  9302 | Bailey   | Learned a level 4 spell: Summon Lightning Spire
  9348 | Bailey   | Reached skill level 5 in Conjurations
  9458 | Bailey   | Reached skill level 1 in Unarmed Combat
  9458 | Bailey   | Reached skill level 1 in Summonings
  9458 | Bailey   | Reached skill level 1 in Air Magic
  9681 | Bailey   | Reached skill level 8 in Ice Magic
  9782 | Bailey   | Noticed an orc knight
 10015 | D:8      | Noticed Prince Ribbit
 10020 | D:8      | Killed Prince Ribbit
 10704 | D:9      | Noticed a two-headed ogre
 10721 | D:9      | Killed a two-headed ogre
 10756 | D:9      | Paralysed by a hornet for 3 turns
 11502 | D:9      | Reached XP level 10. HP: 67/77 MP: 12/21
 11695 | D:9      | Reached skill level 5 in Spellcasting
 12543 | D:10     | Entered Level 10 of the Dungeon
 12562 | D:10     | Noticed Psyche
 12576 | D:10     | Killed Psyche
 12826 | D:10     | Noticed Erolcha
 13196 | D:10     | Paralysed by a hornet for 2 turns
 13891 | D:10     | HP: 1/76 [meliai/+0 hand axe (7)]
 13891 | D:10     | Slain by a meliai

Illustrated notes

Levels and vault maps discovered:
D:1:      minmay_arrival_open_corners, layout_basic, minmay_heptomino_l4
D:2:      layout_loops_ring, minmay_lizard_pond
D:3:      layout_basic, basic_ecumenical_altar, interstate_on_off,
          grunt_ministairs_2, guppyfry_early_orc_mine
D:4:      gammafunk_cloud_chamber, layout_rooms, mainiacjoe_overflow_catwalk,
          gup_sewer_entry_glass, eino_small_chamber_without_monster
D:5:      layout_basic, minmay_stone_trees_small
D:6:      layout_rooms, minmay_temple_entry_waves, serial_shops,
          kennysheep_mini, grunt_decor_junction, uniq_menkaure, uniq_edmund
D:7:      layout_basic, kb_rosetta
D:8:      layout_loops_ring, enter_bailey_5, uniq_prince_ribbit1
D:9:      layout_irregular_city
D:10:     layout_layer_cave, uniq_erolcha, uniq_psyche

Skill      XL: |  1  2  3  4  5  6  7  8  9 10 |
---------------+-------------------------------+-----
Spellcasting   | 2 3 4 5 |  5.5
Ice Magic      | 4 5 6 7 8 |  8.9
Dodging        | 2 3 |  3.0
Stealth        | 2 3 |  3.0
Fighting       | 1 3 |  3.0
Armour         | 1 2 |  2.0
Conjurations   | 1 3 4 5 6 |  6.5
Evocations     | 3 |  3.8
Unarmed Combat | 2 3 |  3.9
Summonings     | 2 4 |  4.0
Air Magic      | 2 3 |  3.8

Action                   |  1- 3 |  4- 6 |  7- 9 | 10-12 || total
-------------------------+-------+-------+-------+-------++-------
Melee: Whip              |    12 |    19 |       |     6 ||    37
       Staff             |       |    37 |    49 |    17 ||   103
       Dagger            |       |    28 |       |     7 ||    35
       Punch             |       |       |     2 |     3 ||     5
       Flail             |       |       |    22 |       ||    22
 Fire: Hunting sling     |   122 |   107 |    16 |     4 ||   249
 Cast: Freeze            |    27 |    26 |    32 |     3 ||    88
       Frozen Ramparts   |     3 |    17 |    37 |    16 ||    73
       Ozocubu's Armour  |       |    17 |    35 |    15 ||    67
       Hailstorm         |       |       |     9 |     2 ||    11
Evoke: Wand              |       |       |     5 |     2 ||     7
  Use: Potion            |     3 |     2 |       |     1 ||     6
       Scroll            |     4 |     4 |     3 |     4 ||    15
 Stab: Sleeping          |       |       |     1 |       ||     1
Armor: Robe              |    13 |    58 |    52 |    23 ||   146
Dodge: Dodged            |    36 |   103 |   192 |   109 ||   440
